 Dungeon Crawl Stone Soup version 0.15-b1-128-gb969795 (webtiles) character file.

2135 ketsa the Severer (level 9, -3/70 HPs)
             Began as a Hill Orc Berserker on Aug 16, 2014.
             Was a High Priest of Trog.
             Slain by a pair of boots mimic (6 damage)
             ... on Level 7 of the Dungeon on Aug 26, 2014.
             The game lasted 00:20:54 (6981 turns).

ketsa the Severer (Hill Orc Berserker)              Turns: 6981, Time: 00:20:55

HP  -3/70        AC  5     Str 23      XL: 9   Next: 30%
MP  18/18        EV 10     Int  7      God: Trog [*****.]
Gold 346         SH  0     Dex 10      Spells:  0 memorised,  8 levels left

rFire  + . .     SeeInvis .     c - +0 war axe
rCold  x . .     Clarity  .     D - +0 ring mail (curse)
rNeg   + . .     rCorr    .     (no shield)
rPois  .         rRot     .     (no helmet)
rElec  .         Spirit   .     (no cloak)
SustAb .         Warding  +     (no gloves)
rMut   .         Stasis   .     (no boots)
Gourm  .                        s - amulet of warding
MR     .....                    E - ring of magical power
                                m - ring of fire

@: not resistant to hostile enchantments, extremely unstealthy
A: no striking features
a: Burn Spellbooks, Berserk, Trog's Hand, Brothers in Arms, Renounce Religion


You were on level 7 of the Dungeon.
You worshipped Trog.
Trog was extremely pleased with you.
You were not hungry.

You visited 2 branches of the dungeon, and saw 8 of its levels.

You collected 346 gold pieces.

Inventory:

Hand weapons
 a - a +0 hand axe
 c - a +0 war axe (weapon)
 y - the -2 hand axe "Khiv" {venom, rF+}
   (You found it on level 4 of the Dungeon)

   It poisons the flesh of those it strikes.
   It protects you from fire.
 z - a +2 whip of flaming
 G - a cursed -3 hand axe
Missiles
 u - 3 poisoned javelins (quivered)
 v - 2 silver javelins
Armour
 b - a +0 animal skin
 e - a +0 shield
 f - a +0 ring mail
 p - a +1 leather armour of magic resistance
 D - a cursed +0 ring mail (worn)
 K - a +0 chain mail
Comestibles
 k - 5 bread rations
 F - 2 meat rations
 J - 3 chunks of orc flesh
Scrolls
 h - 3 scrolls of remove curse
 j - 3 scrolls of blinking {unknown}
 l - 6 scrolls of identify {unknown}
 n - 5 scrolls of immolation {unknown}
 r - 2 scrolls of noise {unknown}
 t - a scroll of magic mapping {unknown}
 x - 3 scrolls of teleportation {unknown}
 A - a scroll of fear {unknown}
 B - a scroll of brand weapon {unknown}
 C - a scroll of recharging {unknown}
 H - 2 scrolls of amnesia {unknown}
 L - a scroll of enchant armour {unknown}
Jewellery
 m - a ring of fire (left hand)
 s - an amulet of warding (around neck)
 E - a ring of magical power (right hand)
Potions
 d - 2 potions of agility
 g - a potion of cancellation
 i - a potion of resistance {unknown}
 o - 2 potions of curing
 q - 2 potions of might {unknown}
 w - a potion of brilliance {unknown}
 I - a potion of experience {unknown}


   Skills:
 - Level 3.6 Fighting
 + Level 15.1 Axes
 - Level 2.1 Armour
 - Level 1.5 Dodging


You had 8 spell levels left.
You didn't know any spells.

Dungeon Overview and Level Annotations

Branches:
Dungeon (7/15)             Temple (1/1) D:6

Altars:
Ashenzari
Cheibriados
Dithmenos
Elyvilon
Fedhas
Kikubaaqudgha
Nemelex Xobeh
Okawaru
Qazlal
Sif Muna
Trog
Vehumet
Xom
Zin
The Shining One

Shops:
D:4 =


Message History

You feel sick.
You slash the pair of boots mimic!
The pair of boots mimic is almost destroyed.
* * * LOW HITPOINT WARNING * * *
You feel sick. The pair of boots mimic misses you.
The pair of boots mimic hits you but does no damage.
Drink which item? (? for menu, Esc to quit)
You feel better.
It was a potion of curing.
The pair of boots mimic hits you.
* * * LOW HITPOINT WARNING * * *
The pair of boots mimic hits you!
* * * LOW HITPOINT WARNING * * *
Drink which item? (? for menu, Esc to quit)
You feel better. The pair of boots mimic hits you!
* * * LOW HITPOINT WARNING * * *
The pair of boots mimic barely misses you.
Drink which item? (? for menu, Esc to quit)
You feel better. The pair of boots mimic hits you!
* * * LOW HITPOINT WARNING * * *
The pair of boots mimic hits you.
You die...

........ ### #.......
..#.. ......# #.#.....#
......# #.#.....#
....#.###.#.#...##
.......##........ #
#.###.....#.#.#.###.#
....##.#..#.#.......#
#.#.##.#..#.##..@[#.##.
.(..#.....#.............#
....##........##....###.
.##)##.#............#
.##.))).......#####.#
.#####.#......# .#
.#####.#......# #
.......#.....<#
......##.....##


You could see a pair of boots mimic.

Vanquished Creatures
  Pikel (D:4)
  The ghost of Thetao the Grave Robber, an average HONe (D:4)
  An ice beast (D:6)
  A sky beast (D:5)
  A centaur (D:6)
  2 ogres
  4 scorpions (D:6)
  A water moccasin skeleton (D:7)
  2 jellies (D:5)
  2 goliath beetles (D:6)
  A hound (D:5)
  A crimson imp (D:5)
  A giant frog zombie (D:5)
  An orc priest (D:7)
  An iguana (D:6)
  9 orc wizards
  A worker ant (D:4)
  Ijyb (D:4)
  An ogre skeleton (D:5)
  9 adders
  2 giant mites
  2 worms
  An orc skeleton (D:4)
  A giant gecko (D:3)
  An ooze (D:6)
  38 orcs
  12 bats
  3 giant cockroaches
  8 goblins
  21 hobgoblins
  5 jackals
  15 kobolds
  2 quokkas
  2 ball pythons (D:2)
  5 giant newts
  8 rats
  A rat zombie (D:6)
169 creatures vanquished.

Vanquished Creatures (others)
  A quokka (D:4)
1 creature vanquished.

Grand Total: 170 creatures vanquished

Notes
Turn   | Place    | Note
--------------------------------------------------------------
     0 | D:1      | ketsa, the Hill Orc Berserker, began the quest for the Orb.
     0 | D:1      | Reached XP level 1. HP: 19/19 MP: 1/1
   328 | D:1      | Reached XP level 2. HP: 20/26 MP: 2/2
   662 | D:2      | Reached skill level 5 in Axes
   669 | D:2      | Reached XP level 3. HP: 21/31 MP: 3/3
   793 | D:2      | Acquired Trog's second power
   989 | D:2      | Reached skill level 6 in Axes
  1115 | D:2      | Reached XP level 4. HP: 37/39 MP: 4/4
  1766 | D:2      | Noticed an ogre
  1777 | D:2      | Killed an ogre
  1777 | D:2      | Reached skill level 8 in Axes
  1777 | D:2      | Reached XP level 5. HP: 42/45 MP: 5/5
  2100 | D:3      | Reached XP level 6. HP: 26/51 MP: 6/6
  2349 | D:3      | Found a bloodstained altar of Trog.
  2512 | D:3      | Reached skill level 9 in Axes
  3137 | D:4      | Acquired Trog's third power
  3389 | D:4      | Noticed Thetao's ghost (average HONe)
  3434 | D:4      | Killed Thetao's ghost
  3434 | D:4      | Reached skill level 10 in Axes
  3434 | D:4      | Reached XP level 7. HP: 57/57 MP: 7/7
  3473 | D:5      | Entered Level 5 of the Dungeon
  3818 | D:4      | Received a gift from Trog
  3979 | D:4      | Noticed Ijyb
  4006 | D:4      | Killed Ijyb
  4083 | D:4      | Found Loyrox's Jewellery Shop.
  4142 | D:4      | Noticed Pikel
  4171 | D:4      | Got a twisted hand axe
  4172 | D:4      | Identified the cursed -2 hand axe "Khiv" {venom, rF+} (You found it on level 4 of the Dungeon)
  4200 | D:4      | Killed Pikel
  4200 | D:4      | Reached skill level 12 in Axes
  4200 | D:4      | Reached XP level 8. HP: 41/64 MP: 8/8
  4294 | D:4      | Found a glowing silver altar of Zin.
  4499 | D:5      | Found a shimmering altar of Xom.
  4516 | D:5      | Reached skill level 13 in Axes
  4911 | D:5      | Found a deep blue altar of Sif Muna.
  4931 | D:5      | Received a gift from Trog
  5456 | D:6      | Reached skill level 14 in Axes
  5487 | D:6      | Received a gift from Trog
  5587 | D:6      | Reached XP level 9. HP: 62/70 MP: 9/9
  6486 | D:6      | Found a staircase to the Ecumenical Temple.
  6623 | Temple   | Entered the Ecumenical Temple
  6659 | Temple   | Upgraded the game from 0.15-b1-90-gf40f08b to 0.15-b1-123-g0918319
  6659 | Temple   | Upgraded the game from 0.15-b1-123-g0918319 to 0.15-b1-128-gb969795
  6739 | D:7      | Reached skill level 15 in Axes
  6979 | D:7      | HP: 1/70 [pair of boots mimic (8)]
  6981 | D:7      | Slain by a pair of boots mimic

Action                   |  1- 3 |  4- 6 |  7- 9 || total
-------------------------+-------+-------+-------++-------
Melee: Hand axe          |    62 |   229 |   143 ||   434
       War axe           |       |       |   175 ||   175
Throw: Javelin           |       |       |     3 ||     3
Invok: Berserk           |     2 |     6 |     6 ||    14
       Trog's Hand       |       |     3 |     3 ||     6
  Use: Potion            |       |     2 |     3 ||     5
       Scroll            |       |       |     1 ||     1
  Eat: Chunk             |     1 |     3 |     7 ||    11
       Pizza             |     1 |       |     1 ||     2
       Meat ration       |       |     1 |     1 ||     2
       Bread ration      |       |     1 |       ||     1
       Fruit             |       |       |     7 ||     7
